AoeStats
← MattAtArms

Arabia

504739482Analyzed
1v1 RM · 27d ago on Sep 6, 2026· 18m 21s· 2 players
Game mode
Random Map
Map size
Tiny (2 player)
Population
200
Speed
Normal
Resources
Standard
Victory
Conquest
Starting age
Dark Age
Ending age
Imperial Age
RankedLock teamsTeams togetherTeam positionsShared explorationLock speedFull tech treeHidden civsTurbo modeCheats
Victory
Defeat
🇫🇷 Aztecs · France
2124
+8
🇬🇧 Huns · United Kingdom
1937
-8
MattAtArms
8:20 Feudal Age
7:13 Loom
8:54 Double-Bit Axe
Shulk
6:25 Loom
9:04 Feudal Age
9:22 Man-at-Arms
14:23 Double-Bit Axe
18:41 Fletching
Connection lost

Rejoining the realm…

Still unreachable

The connection could not be restored.

Session expired

The server has moved on; the page needs a fresh start.